 Dungeon Crawl Stone Soup version 0.19-a0-683-g5f2401d (webtiles) character file.

50 Ijustatesigmund the Magician (level 3, -1/31 HPs)
             Began as an Octopode Wizard on June 17, 2016.
             Slain by Robin
             ... wielding a +0 mace
              (3 damage)
             ... on level 2 of the Dungeon.
             The game lasted 00:04:55 (1352 turns).

Ijustatesigmund the Magician (Octopode Wizard)      Turns: 1352, Time: 00:04:56

Health: -1/31      AC: 21    Str:  6    XL:     3   Next: 79%
Magic:  0/7        EV:  2    Int: 20    God:
Gold:   102        SH:  0    Dex: 11    Spells: 3 memorised, 3 levels left

rFire  . . .     SeeInvis +     d - +0 dagger
rCold  . . .     Gourm    .     (no shield)
rNeg   + + +     Faith    .     (helmet currently unavailable)
rPois  +         Spirit   .     (no amulet)
rElec  .         Dismiss  .     i - ring of see invisible
rCorr  .         Reflect  .     (no ring)
SustAt .         Harm     .     (no ring)
MR     .....     NoTele   +     (no ring)
Stlth  +++.......               (no ring)
                                (no ring)
                                (no ring)
                                (no ring)

@: tree-form (expiring), very slightly contaminated, hasted, repel missiles,
very quick, not resistant to hostile enchantments, fairly stealthy
A: almost no armour, (amphibious), 8 rings, (constrict 8), (camouflage 0),
(gelatinous body 0)
a: no special abilities


You were on level 2 of the Dungeon.
You were not hungry.
You were a tree.
You visited 1 branch of the dungeon, and saw 2 of its levels.

You collected 102 gold pieces.

Inventory:

Hand Weapons
 d - a +0 dagger (weapon)
Armour
 a - a +1 hat (melded)
Jewellery
 i - a ring of see invisible (left branch)
Scrolls
 f - a scroll of fog
Books
 b - a book of Minor Magic

   Spells                             Type                      Level
   a - Magic Dart                     Conjuration                  1
   b - Blink                          Translocation                2
   c - Call Imp                       Summoning                    2
   d - Repel Missiles                 Charms/Air                   2
   e - Slow                           Hexes                        2
   f - Conjure Flame                  Conjuration/Fire             3
   g - Mephitic Cloud                 Conjuration/Poison/Air       3
Comestibles
 c - a bread ration
 h - a fruit


   Skills:
 * Level 1.5 Short Blades
 - Level 2.0 Dodging
 - Level 2.6 Stealth
 - Level 3.0 Spellcasting
 + Level 2.4 Conjurations
   Level 1.0 Summonings
 * Level 1.9 Translocations


You had 3 spell levels left.
You knew the following spells:

 Your Spells              Type           Power        Failure   Level  Hunger
a - Magic Dart            Conj           ##..         6%          1    None
b - Blink                 Tloc           N/A          12%         2    ##.....
c - Repel Missiles        Chrm/Air       #.....       24%         2    ##.....


Dungeon Overview and Level Annotations

Branches:
Dungeon (2/15)

Altars:

Annotations:
D:2 Robin


Innate Abilities, Weirdness & Mutations

You cannot wear most types of armour.
((You are amphibious.))
You can wear up to eight rings at the same time.
((You can use your tentacles to constrict eight enemies at once.))
((Your skin changes colour to match your surroundings (Stealth+).))
((Your rubbery body absorbs attacks. (AC +1)))


Message History

Robin is moderately wounded.
The goblin hits you but does no damage.
You barely miss Robin.
Robin is moderately wounded.
The goblin hits you.
* * * LOW HITPOINT WARNING * * *
Robin hits you but does no damage.
Casting: Magic Dart
Confirm with . or Enter, or press ? or * to list all spells.
Okay, then.
Casting: Magic Dart
Confirm with . or Enter, or press ? or * to list all spells.
Aiming: Magic Dart
Press: ? - help, Shift-Dir - straight line, f - goblin
Aim: a goblin (unusually strong)
You miscast Magic Dart.
Nothing appears to happen.
You hit Robin but do no damage.
Robin is moderately wounded.
The goblin hits you but does no damage. Robin hits you with a mace.
You die...

.....#..#.#..###.######
.....+..#.##.# #.#
.....#.##.##.# #.#
#'####.##.##.. #.# ..#
#.##.###[##.# ###
#.##.. #.# .# #.# #g#
#♣# #g# #b# .g# ..#
..># ####


You could see Robin, a hobgoblin, a goblin and a bat.

Vanquished Creatures
  A dart slug (D:2)
  2 giant geckos (D:1)
  3 bats
  2 giant cockroaches
  9 goblins
  8 hobgoblins
  A quokka (D:2)
  2 giant newts (D:1)
  8 kobolds
  3 rats (D:2)
39 creatures vanquished.

Notes
Turn   | Place    | Note
--------------------------------------------------------------
     0 | D:1      | Ijustatesigmund the Octopode Wizard began the quest for the Orb.
     0 | D:1      | Reached XP level 1. HP: 11/11 MP: 4/4
   210 | D:1      | Reached XP level 2. HP: 11/17 MP: 4/6
   328 | D:1      | Learned a level 2 spell: Blink
   331 | D:1      | Learned a level 2 spell: Repel Missiles
   939 | D:1      | Reached XP level 3. HP: 21/21 MP: 4/7
   965 | D:1      | Reached skill level 1 in Short Blades
  1307 | D:2      | Noticed Robin
  1352 | D:2      | Slain by Robin

Vault maps used:
D:1:      lightli_arrival_noodles, serial_forest, infiniplex_forest_clump_cross,
          infiniplex_forest_clump_curved, infiniplex_forest_lined_4_way,
          infiniplex_forest_zigzag_1, infiniplex_forest_clump_cross,
          st_stairs_10
D:2:      lightli_temple_of_fire, uniq_robin, uniq_crazy_yiuf_cottage,
          uniq_terence

Skill      XL: |  1  2  3 |
---------------+----------+-----
Conjurations   | 2 |  2.4
Short Blades   | 1 |  1.5
Dodging        | |  2.0
Stealth        | |  2.6
Spellcasting   | |  3.0
Summonings     | |  1.0
Translocations | |  1.9

Action                   || total
-------------------------++-------
Melee: Unarmed           ||     3
       Constrict         ||     8
       Tentacles         ||     4
       Dagger            ||    51
 Cast: Magic Dart        ||    60
       Repel Missiles    ||     1
  Use: Scroll            ||     6
       Potion            ||     2
 Stab: Sleeping          ||     2
  Eat: Chunk             ||     1
Armor: Skin              ||    28
Dodge: Dodged            ||     7
       Deflected         ||     1
